 Dungeon Crawl Stone Soup version 0.23.2-1-ga50397a6bc (webtiles) character file.

Game seed: 9248231111931486039

80 Brecoman the Magician (level 4, 0/33 HPs)
             Began as a Mummy Wizard on May 23, 2019.
             Slain by a bat (1 damage)
             ... on level 2 of the Dungeon.
             The game lasted 00:07:53 (2115 turns).

Brecoman the Magician (Mummy Wizard)                Turns: 2115, Time: 00:07:54

Health: 0/33       AC:  5    Str: 10    XL:     4   Next: 18%
Magic:  3/10       EV: 12    Int: 18    God:
Gold:   53         SH:  0    Dex: 10    Spells: 6/12 levels left

rFire    x . .     SeeInvis .   d - +0 dagger
rCold    + . .     Gourm    .   (no shield)
rNeg     + + +     Faith    .   a - +0 robe
rPois    ∞         Spirit   .   h - +2 helmet
rElec    .         Reflect  .   (no cloak)
rCorr    .         Harm     .   (no gloves)
MR       .....                  (no boots)
Stlth    ++........             (no amulet)
HPRegen  0.11/turn              (no ring)
MPRegen  0.12/turn              (no ring)

@: no status effects
A: no food or potions, fire vulnerability, cold resistance 1, negative energy
resistance 3, torment resistance, unbreathing
a: no special abilities


You were on level 2 of the Dungeon.
You were not hungry.

You visited 1 branch of the dungeon, and saw 2 of its levels.

You collected 53 gold pieces.

Inventory:

Hand Weapons
 d - a +0 dagger (weapon)
Missiles
 c - 107 stones (quivered)
Armour
 a - a +0 robe (worn)
 b - a +0 hat
 h - a +2 helmet (worn)
Jewellery
 g - an uncursed ring of flight {unknown}
Scrolls
 e - 2 scrolls of teleportation {unknown}
 f - 2 scrolls of identify {unknown}


   Skills:
 + Level 2.0 Fighting
 - Level 1.5 Dodging
 - Level 1.5 Stealth
 + Level 4.7 Spellcasting
 + Level 1.8 Conjurations
 + Level 1.2 Summonings
   Level 0.7 Translocations
 + Level 0.0 Fire Magic


You had 6 spell levels left.
You knew the following spells:

 Your Spells              Type           Power        Failure   Level  Hunger
a - Magic Dart            Conj           ##..         6%          1    N/A
b - Call Imp              Summ           #.......     12%         2    N/A
c - Conjure Flame         Conj/Fire      #.......     28%         3    N/A

Your spell library contained the following spells:

 Spells                   Type           Power        Failure   Level  Hunger
 Blink                    Tloc           N/A          16%         2    N/A
 Slow                     Hex            #.......     21%         2    N/A
 Mephitic Cloud           Conj/Pois/Air  #.......     32%         3    N/A

Dungeon Overview and Level Annotations

Branches:
Dungeon (2/15)

Altars:


Innate Abilities, Weirdness & Mutations

You do not eat or drink.
Your flesh is vulnerable to fire.
You are immune to poison.
Your flesh is cold resistant. (rC+)
You are immune to negative energy. (rN+++)
You are immune to unholy pain and torment.
You can survive without breathing.


Message History

Confirm with . or Enter, or press ? or * to list all spells.
Aiming: Magic Dart (safe; 6% risk of failure)
Press: ? - help, Shift-Dir - straight line, f/p - gnoll
Aim: a gnoll, wielding a +0 flail The magic dart hits the gnoll.
The gnoll is moderately wounded.
Your crimson imp closely misses the kobold.
The gnoll hits you with a +0 halberd!
* * * LOW HITPOINT WARNING * * *
The gnoll hits you from afar with a +0 spear.
* * * LOW HITPOINT WARNING * * *
Your crimson imp barely misses the gnoll.
The gnoll hits you from afar with a +0 spear.
* * * LOW HITPOINT WARNING * * *
The gnoll hits you from afar with a +0 spear.
* * * LOW HITPOINT WARNING * * *
A bat comes into view.
The gnoll barely misses you. The bat hits you.
You die...

#..... #.###. #.# #.
#.###. ### #..... ...
#.....
#.###.#############.....
...........5........###.
.###.#@ggK...#####.# #.
......b.##g##.......###.
###.#>#.#...#.#####.....
#.#.#.⌠.#.. ####.# #
..#...#... #...#
..##'##.... #..g#
.#........... #...#
#...........##...#
###+#####...#


You could see 3 gnolls, a bat, a kobold and a friendly crimson imp.

Vanquished Creatures
  A hound skeleton (D:2)
  An adder (D:2)
  3 dart slugs (D:1)
  A leopard gecko (D:2)
  3 bats (D:1)
  3 giant cockroaches (D:1)
  8 hobgoblins
  3 jackals (D:2)
  5 kobolds
  A ball python (D:2)
  A frilled lizard (D:1)
  6 goblins
  4 rats
40 creatures vanquished.

Vanquished Creatures (collateral kills)
  An adder (D:2)
1 creature vanquished.

Grand Total: 41 creatures vanquished

Notes
Turn   | Place    | Note
-------+----------+-------------------------------------------
     0 | D:1      | Brecoman the Mummy Wizard began the quest for the Orb.
     0 | D:1      | Reached XP level 1. HP: 13/13 MP: 5/5
   137 | D:1      | Reached skill level 1 in Conjurations
   264 | D:1      | Reached XP level 2. HP: 16/20 MP: 0/7
   361 | D:1      | Reached skill level 1 in Fighting
   700 | D:1      | Learned a level 2 spell: Call Imp
  1023 | D:1      | Reached XP level 3. HP: 11/26 MP: 3/8
  1631 | D:2      | Reached skill level 1 in Summonings
  1933 | D:2      | Reached XP level 4. HP: 25/33 MP: 5/10
  2037 | D:2      | Learned a level 3 spell: Conjure Flame
  2113 | D:2      | HP: 1/33 [gnoll/+0 spear (3)]
  2115 | D:2      | Slain by a bat

Skill      XL: |  1  2  3  4 |
---------------+-------------+-----
Conjurations   | 1 |  1.8
Fighting       | 1 2 |  2.0
Summonings     | 1 |  1.2
Dodging        | |  1.5
Stealth        | |  1.5
Spellcasting   | |  4.7
Translocations | |  0.7

Action                   |  1- 3 |  4- 6 || total
-------------------------+-------+-------++-------
Melee: Dagger            |    55 |       ||    55
       Unarmed           |     2 |       ||     2
 Cast: Magic Dart        |    98 |    13 ||   111
       Call Imp          |     1 |     3 ||     4
 Stab: Distracted        |     1 |       ||     1
       Sleeping          |     1 |       ||     1
Armor: Robe              |    24 |     3 ||    27
Dodge: Dodged            |    77 |     4 ||    81
